 Dungeon Crawl Stone Soup version 0.30-a0-141-g30f27751c5 (webtiles) character file.

Game seed: 18109519775393131343

20987 Flugkiller the Severer (level 12, -4/174 HPs)
             Began as a Hill Orc Berserker on Sept 25, 2022.
             Was an Elder of Trog.
             Slain by a harpy simulacrum (5 damage)
             ... in an ice cave.
             The game lasted 00:11:11 (14647 turns).

Flugkiller the Severer (Hill Orc Berserker)        Turns: 14647, Time: 00:11:12

Health: -4/174     AC: 21    Str: 21    XL:     12   Next: 85%
Magic:  1/12       EV:  4    Int:  7    God:    Trog [****..]
Gold:   773        SH:  0    Dex: 14    Spells: 11/11 levels left

rFire   . . .      SeeInvis .    Q - +3 war axe
rCold   . . .      Faith    .    (no shield)
rNeg    + . .      Spirit   .    J - +0 plate armour
rPois   .          Reflect  .    (no helmet)
rElec   .          Harm     .    L - +0 cloak
rCorr   .          Rampage  .    b - +2 pair of gloves {infuse}
Will    .....                    y - +0 pair of boots
Stlth   ..........               (no amulet)
HPRegen 0.39/turn                i - ring of positive energy
MPRegen 0.13/turn                (no ring)

@: berserking, constricted, studying Evocations, very quick
A: no striking features
a: Renounce Religion, Berserk, Trog's Hand, Brothers in Arms


You were in an ice cave.
You worshipped Trog.
Trog was greatly pleased with you.
You visited 2 branches of the dungeon, and saw 13 of its levels.
You also visited: Ossuary, Bailey and Ice Cave.

You collected 873 gold pieces.
You spent 100 gold pieces at shops.

Inventory:

Hand Weapons
 x - a +0 broad axe
   (You bought it in a shop on level 5 of the Dungeon)
 Q - a +3 war axe (weapon)
   (You took it off a wight on level 7 of the Dungeon)
Missiles
 c - a curare-tipped dart
 g - 4 throwing nets (quivered)
Armour
 b - a +2 pair of gloves of infusion (worn)
   (You found it on level 4 of the Dungeon)
 y - a +0 pair of boots (worn)
   (You found it on level 6 of the Dungeon)
 I - a scarf of harm
   (You found it in a bailey)
 J - a +0 plate armour (worn)
   (You took it off an orc warrior in a bailey)
 K - a +0 kite shield
   (You took it off a gnoll sergeant on level 10 of the Dungeon)
 L - a +0 cloak (worn)
   (You found it on level 10 of the Dungeon)
Jewellery
 i - a ring of positive energy (left hand)
   (You found it on level 1 of the Dungeon)
Wands
 k - a wand of acid (10)
   (You found it on level 8 of the Dungeon)
 p - a wand of roots (4)
   (You found it on level 3 of the Dungeon)
 v - a wand of mindburst (11)
   (You found it on level 11 of the Dungeon)
 D - a wand of charming (19)
   (You found it on level 7 of the Dungeon)
 P - a wand of polymorph (2)
   (You found it on level 1 of the Lair of Beasts)
Scrolls
 e - 4 scrolls of butterflies
 j - a scroll of torment
 l - a scroll of enchant armour
 o - 4 scrolls of magic mapping
 s - a scroll of immolation
 t - 11 scrolls of teleportation
 u - a scroll of silence
 F - 2 scrolls of summoning
 G - a scroll of fear
 H - a scroll of acquirement {unknown}
 M - a scroll of amnesia {unknown}
 O - a scroll of poison {unknown}
Potions
 a - a potion of lignification {unknown}
 d - 2 potions of might
 f - 2 potions of attraction {unknown}
 h - 2 potions of haste
 m - 3 potions of invisibility
 n - 2 potions of resistance
 q - 6 potions of curing
 w - 3 potions of heal wounds
 z - 4 potions of magic
 A - 2 potions of degeneration {unknown}
 B - 4 potions of cancellation {unknown}
 C - 2 potions of flight {unknown}
 E - 2 potions of mutation {unknown}
Miscellaneous
 N - a phial of floods
   (You found it on level 1 of the Lair of Beasts)


   Skills:
 + Level 13.9 Fighting
 + Level 15.1 Axes
 + Level 11.6 Armour
 - Level 1.5 Dodging
 + Level 5.9 Shields
 - Level 10.0 Evocations


You had 11 spell levels left.
You didn't know any spells.
Your spell library was empty.

Dungeon Overview and Level Annotations

Branches:
Dungeon (11/15) Zot: 25830  Temple (0/1) D:5            Lair (2/5) D:10 Zot: 10688
    Orc (0/2) D:10        Ossuary (visited)          Bailey (visited)
  IceCv (1/1) Zot: 5994
  Swamp: Lair:2-3    Shoals: Lair:2-3     Snake: Lair:2-3    Spider: Lair:2-3

Altars:
Cheibriados
Fedhas
Gozag
Hepliaklqana
Makhleb
Nemelex Xobeh
Ru
Vehumet
Wu Jian
Xom
Zin
The Shining One

Shops:
D:1 =   D:5 (

Annotations:
D:4 1 runed translucent door, qtw55's ghost, amateur KoHs
Lair:1 3 runed translucent doors, Roaleyf's ghost, journeyman DsDe


Message History

You slice the cane toad!!
You kill the cane toad!
Trog accepts your kill.
You slash the blink frog! The blink frog hits you!
You slash the blink frog!
The blink frog is almost dead.
The blink frog hits you but does no damage.
You barely miss the blink frog. Your punch misses the blink frog.
The blink frog is almost dead.
The blink frog hits you.
You miss the blink frog.
The blink frog is almost dead.
The blink frog hits you but does no damage.
You slash the blink frog!
You kill the blink frog!
Trog accepts your kill. The blink frog hits you.
The blink frog blinks!
You completely miss the blink frog.
The blink frog blinks!
You barely miss the blink frog. The blink frog hits you!
You hit the blink frog.
The blink frog is lightly wounded.
The blink frog hits you but does no damage.
You barely miss the blink frog.
The blink frog is lightly wounded.
The blink frog hits you but does no damage.
You slice the blink frog!!
You kill the blink frog!
Trog accepts your kill.
You feel the effects of Trog's Hand fading.
No target in view!
Found a frozen archway.
Your skin stops crawling.
You feel less strong-willed.
The blink frog attacks as you move away!
The blink frog hits you.
The blink frog attacks as you move away!
The blink frog hits you!
The blink frog hits you but does no damage.
The blink frog attacks as you move away!
The blink frog barely misses you.
Found 13 gold pieces.
The blink frog attacks as you move away!
The blink frog completely misses you.
A wolf comes into view.
The wolf howls!
You hear a howl! x2
A wolf comes into view.
There is a frozen archway here.
The wolf howls!
The blink frog closely misses you. The blink frog barely misses you.
The world spins around you as you enter the gateway.
You enter an ice cave!
The white ugly thing gurgles horribly!
Found a coppery potion.
Found an ice covered gate leading back out of this place.
There is an ice choked empty arch of ancient stone here.
A harpy simulacrum comes into view.
Found three items.
Found a potion of invisibility and 17 gold pieces.
The anaconda simulacrum grabs you.
The anaconda simulacrum bites you but does no damage.
The anaconda simulacrum constricts you. The anaconda simulacrum bites you.
The anaconda simulacrum freezes you! The anaconda simulacrum constricts you.
You are too injured to fight recklessly!
A red film seems to cover your vision as you go berserk!
You feel yourself moving faster!
You feel mighty! The anaconda simulacrum bites you!
The anaconda simulacrum freezes you!! The anaconda simulacrum constricts you.
The wolf simulacrum barely misses you.
You are too injured to fight recklessly!
You are too injured to fight recklessly!
You slice the wolf simulacrum!!
The wolf simulacrum vaporises!
Trog accepts your kill.
You slash the harpy simulacrum!
You barely miss the anaconda simulacrum.
The harpy simulacrum claws you. The harpy simulacrum freezes you!
* * * LOW HITPOINT WARNING * * *
The harpy simulacrum claws you but does no damage.
The anaconda simulacrum bites you but does no damage.
The anaconda simulacrum constricts you.
* * * LOW HITPOINT WARNING * * *
The harpy simulacrum claws you but does no damage. x2
You hit the harpy simulacrum.
The harpy simulacrum is heavily damaged.
You slash the wolf simulacrum!
The wolf simulacrum vaporises!
Trog accepts your kill.
You closely miss the anaconda simulacrum.
The anaconda simulacrum bites you.
* * * LOW HITPOINT WARNING * * *
The anaconda simulacrum freezes you!
* * * LOW HITPOINT WARNING * * *
The anaconda simulacrum constricts you.
The harpy simulacrum claws you but does no damage.
The harpy simulacrum claws you.
* * * LOW HITPOINT WARNING * * *
The harpy simulacrum freezes you!
* * * LOW HITPOINT WARNING * * *
You slice the white ugly thing!!
The white ugly thing is moderately wounded.
You closely miss the anaconda simulacrum.
You slash the harpy simulacrum! The harpy simulacrum claws you.
You die...

####
##...####
........##
.........##
......Z...##
!..8..u@...#
.?....Z○...#
©[!......∩∩#
.).........#
$..8.......#
..........##
.........##
........##
#...###


You could see a white ugly thing, an anaconda simulacrum and a harpy simulacrum.

Vanquished Creatures
  Harold (D:10)
  Erolcha (D:11)
  Erica (D:11)
  A centaur warrior (D:11)
  3 two-headed ogres
  Urug (Lair:1)
  A deep elf pyromancer (Bailey)
  An ugly thing (D:11)
  A cyclops (D:11)
  4 cane toads
  A gargoyle (D:10)
  2 komodo dragons
  2 trolls
  7 blink frogs (Lair:2)
  3 shadows
  A wyvern (D:9)
  A wraith (D:11)
  25 yaks
  2 basilisks (Lair:1)
  A steam dragon (D:6)
  4 vampire mosquitoes (D:10)
  An acid dragon (D:10)
  A water moccasin (D:7)
  3 black bears
  8 orc warriors
  4 sky beasts
  An ogre (D:4)
  A centaur (D:11)
  A phantom (D:6)
  2 kobold brigands
  8 bullfrogs
  3 elf zombies (Ossuary)
  A gnoll sergeant (D:10)
  3 scorpions
  13 wights
  14 killer bees
  An electric eel (D:10)
  5 howler monkeys
  A crimson imp (D:6)
  A human zombie (Ossuary)
  7 hounds
  4 orc priests
  A jelly (D:7)
  4 iguanas (D:6)
  10 orc wizards
  2 wolf simulacra (IceCv)
  3 mummies
  12 adders
  8 gnolls
  A white imp (D:6)
  2 adder zombies (Ossuary)
  4 dart slugs
  5 worms
  60 orcs
  6 bats
  8 endoplasms
  A giant cockroach (D:3)
  10 goblins
  6 hobgoblins
  4 quokkas
  10 ball pythons
  3 frilled lizards
  A goblin zombie (Ossuary)
  13 hobgoblin zombies
  A jackal zombie (Ossuary)
  14 kobolds
  7 kobold zombies
  8 orc zombies (Ossuary)
  6 rats
  2 rat zombies (Ossuary)
  A bush (Lair:1)
360 creatures vanquished.

Vanquished Creatures (collateral kills)
  An orc knight (Bailey)
  An orc warrior (Bailey)
  4 orcs (Bailey)
6 creatures vanquished.

Vanquished Creatures (others)
  6 fungi
  45 plants
51 creatures vanquished.

Grand Total: 417 creatures vanquished

Notes
Turn   | Place    | Note
-------+----------+-------------------------------------------
     0 | D:1      | Flugkiller the Hill Orc Berserker began the quest for the
                  | Orb.
     0 | D:1      | Reached XP level 1. HP: 19/19 MP: 1/1
   115 | D:1      | Found a faded altar of an unknown god.
   164 | D:1      | Reached XP level 2. HP: 17/27 MP: 2/2
   393 | D:1      | Found Reuviggi's Jewellery Emporium.
   948 | D:1      | Reached XP level 3. HP: 31/34 MP: 3/3
  1048 | D:2      | Reached ** piety under Trog
  1086 | D:2      | Reached skill level 5 in Axes
  1406 | D:2      | Reached XP level 4. HP: 31/41 MP: 4/4
  1416 | D:2      | Reached skill level 5 in Fighting
  1684 | D:2      | Reached XP level 5. HP: 38/48 MP: 5/5
  2011 | D:2      | Reached skill level 6 in Axes
  2770 | D:3      | Reached *** piety under Trog
  2952 | D:3      | Reached XP level 6. HP: 55/57 MP: 6/6
  3190 | D:4      | Reached skill level 7 in Axes
  3397 | D:4      | Noticed a black bear
  3407 | D:4      | Killed a black bear
  3408 | D:4      | Reached XP level 7. HP: 66/66 MP: 7/7
  3470 | D:4      | Identified the +0 ring mail of Ashiuda {Int+4 Dex+4}
  3514 | D:4      | Reached skill level 1 in Evocations
  3577 | D:4      | Found a runed translucent door.
  3579 | D:4      | Noticed qtw55's ghost (amateur KoHs)
  3639 | D:4      | Reached skill level 8 in Axes
  3727 | D:4      | Found a sparkling altar of Nemelex Xobeh.
  3728 | D:4      | Found an opulent altar of Gozag.
  4148 | D:5      | Entered Level 5 of the Dungeon
  4306 | D:5      | Found Fothirgh's Antique Weapon Shoppe.
  4515 | D:5      | Reached XP level 8. HP: 51/74 MP: 5/8
  4769 | D:5      | Bought a broad axe for 100 gold pieces
  4803 | D:5      | Found a staircase to the Ecumenical Temple.
  5250 | D:6      | Reached skill level 9 in Axes
  5251 | D:6      | Reached skill level 5 in Evocations
  5397 | D:6      | Reached skill level 10 in Axes
  5650 | D:6      | Reached **** piety under Trog
  5651 | D:6      | Reached XP level 9. HP: 83/83 MP: 0/9
  6065 | D:6      | Found a burning altar of Makhleb.
  6066 | D:6      | Found a shimmering altar of Xom.
  6328 | D:7      | Found a glowing silver altar of Zin.
  6370 | D:7      | Reached skill level 5 in Armour
  6528 | D:7      | Found a radiant altar of Vehumet.
  6612 | D:7      | Found a sand-covered staircase.
  6696 | Ossuary  | Entered an ossuary
  7131 | Ossuary  | Reached skill level 10 in Evocations
  7375 | D:7      | Reached XP level 10. HP: 58/89 MP: 0/10
  7807 | D:8      | Reached ***** piety under Trog
  8131 | D:8      | Noticed a two-headed ogre
  8145 | D:8      | Reached skill level 10 in Fighting
  8150 | D:8      | Killed a two-headed ogre
  8151 | D:8      | Reached skill level 11 in Axes
  8254 | D:8      | HP: 2/94 [yak (8)]
  8736 | D:9      | Found a blossoming altar of Fedhas.
  8736 | D:9      | Found a snail-covered altar of Cheibriados.
  8737 | D:9      | Found an ornate altar of the Wu Jian Council.
  9120 | D:9      | Reached skill level 12 in Axes
  9387 | D:9      | Noticed a two-headed ogre
  9391 | D:9      | Reached XP level 11. HP: 99/102 MP: 0/11
  9399 | D:9      | Killed a two-headed ogre
  9518 | D:9      | Found a glowing golden altar of the Shining One.
  9573 | D:9      | Noticed a two-headed ogre
  9578 | D:9      | Killed a two-headed ogre
 10015 | D:10     | Entered Level 10 of the Dungeon
 10040 | D:10     | Found a staircase to the Orcish Mines.
 10062 | D:10     | Found a flagged portal.
 10081 | Bailey   | Entered a bailey
 10104 | Bailey   | Reached skill level 13 in Axes
 10208 | Bailey   | Noticed an orc knight
 10216 | Bailey   | Killed an orc knight
 10507 | Bailey   | Found a large runed translucent door.
 10507 | Bailey   | Found a large runed translucent door.
 10508 | Bailey   | Noticed a deep elf pyromancer
 10596 | Bailey   | Killed a deep elf pyromancer
 10603 | Bailey   | Identified the +0 robe "Gont" {Harm Drain rElec Int+2}
 10768 | D:10     | Found a staircase to the Lair.
 10940 | D:10     | Found a hazy altar of Hepliaklqana.
 10943 | D:10     | Found a sacrificial altar of Ru.
 11356 | D:10     | Reached skill level 10 in Armour
 11401 | D:10     | Reached skill level 1 in Shields
 11519 | D:10     | Noticed Harold
 11533 | D:10     | Killed Harold
 12207 | D:11     | Noticed a cyclops
 12219 | D:11     | Killed a cyclops
 12220 | D:11     | Reached skill level 14 in Axes
 12220 | D:11     | Reached XP level 12. HP: 97/113 MP: 1/12
 12353 | D:11     | Noticed Erica
 12356 | D:11     | Noticed Erolcha
 12365 | D:11     | Killed Erica
 12371 | D:11     | Killed Erolcha
 13031 | D:11     | Noticed a centaur warrior
 13042 | D:11     | Killed a centaur warrior
 13340 | Lair:1   | Entered Level 1 of the Lair of Beasts
 13340 | Lair:1   | Found a runed translucent gate.
 13340 | Lair:1   | Found a runed translucent gate.
 13340 | Lair:1   | Found a runed translucent gate.
 13498 | Lair:1   | Noticed Roaleyf's ghost (journeyman DsDe)
 13502 | Lair:1   | Noticed an ice dragon
 13923 | Lair:1   | Noticed Urug
 13943 | Lair:1   | Killed Urug
 13944 | Lair:1   | Reached skill level 5 in Shields
 14503 | Lair:2   | Reached skill level 15 in Axes
 14632 | Lair:2   | Found a frozen archway.
 14641 | IceCv    | Entered an ice cave
 14646 | IceCv    | HP: 1/174 [harpy simulacrum (16)]
 14647 | IceCv    | Slain by a harpy simulacrum

Illustrated notes

Levels and vault maps discovered:
D:1:      lemuel_arrival_hallway, layout_loops_corners, serial_shops, shop,
          basic_ecumenical_altar
D:2:      cheibrodos_helix_gallery, layout_basic, serial_bayou,
          serial_bayou_lagoon_b, serial_bayou_pond_c, serial_bayou_lagoon_a,
          serial_bayou_pond_c, serial_bayou_crossing, serial_bayou_ford_a,
          dreamdust_princess_bridge, minmay_circle_x
D:3:      layout_loops_cross
D:4:      layout_loops_ring, grunt_temple_overflow_opulence,
          ebering_ghost_sewer_d, eino_tiny_chamber, kennysheep_small_circle
D:5:      layout_basic, minmay_temple_entry_steel_oval, serial_shops,
          nicolae_diamond_shop, minmay_fountain_box, solitary_fountain
D:6:      layout_rooms, grunt_temple_overflow_champion_of_chaos, kb_rosetta
D:7:      layout_basic, zin_academy, old_standard_altar,
          nicolae_ossuary_entry_giza
D:8:      layout_cave_pools
D:9:      layout_stronghold, mainiacjoe_overflow_catwalk,
          gammafunk_temple_overflow_claw, small_statue_intersection
D:10:     layout_loops_corners, nicolae_overflow_squiral, dpeg_oklobed_lair,
          david_orc_2, enter_bailey_5, uniq_harold
D:11:     layout_gridville, uniq_erica, uniq_erolcha
Lair:1:   layout_hall_layers, gammafunk_ghost_icy, minmay_hedge_maze,
          lemuel_fruit_tree, uniq_urug
Lair:2:   gammafunk_cloud_chamber, layout_layer_cave,
          portal_ice_cave_entry_pillars_1, grunt_megastairs_5
IceCv:    ice_cave_statue_garden_transporter

Skill      XL: |  1  2  3  4  5  6  7  8  9 10 11 12 |
---------------+-------------------------------------+-----
Fighting       | 4 5 6 7 9 11 12 13 | 13.9
Axes           | 5 6 7 8 10 12 14 15 | 15.1
Evocations     | 3 6 10 | 10.0
Armour         | 3 6 8 10 11 | 11.6
Shields        | 2 5 |  5.9
Dodging        | |  1.5

Action                   |  1- 3 |  4- 6 |  7- 9 | 10-12 || total
-------------------------+-------+-------+-------+-------++-------
Melee: Hand axe          |    97 |   182 |       |       ||   279
       Punch             |     1 |     1 |     3 |     6 ||    11
       War axe           |       |     5 |    88 |   448 ||   541
       Broad axe         |       |       |   223 |     2 ||   225
Invok: Berserk           |     1 |     4 |     7 |    18 ||    30
       Trog's Hand       |       |     1 |     1 |     2 ||     4
       Brothers in Arms  |       |       |       |     1 ||     1
Evoke: Wand              |       |       |     1 |     2 ||     3
  Use: Scroll            |       |     2 |    11 |     3 ||    16
       Potion            |       |       |     2 |     3 ||     5
Armor: Animal skin       |     2 |       |       |       ||     2
       Scale mail        |    23 |    68 |   169 |   113 ||   373
       Chain mail        |       |       |       |     2 ||     2
       Plate armour      |       |       |       |   125 ||   125
Dodge: Dodged            |    49 |    95 |   164 |   168 ||   476

Table legend: (Time is in decaauts)
 A = Elapsed time spent in this place.
 B = Non-inter-level travel time spent in this place.
 C = Inter-level travel time spent in this place.
 D = Time resting spent in this place.
 E = Time spent auto-exploring this place.
 F = Levels seen in this place.
 G = Mean time per level.
                   A        B        C        D        E       F      G
               +--------+--------+--------+--------+--------+-----+--------+
         Total |  14906 |  14509 |    397 |   5097 |   7046 |  16 |  931.6 |
       Dungeon |  12388 |  12009 |    379 |   3994 |   6191 |  11 | 1126.2 |
          Lair |   1311 |   1294 |     17 |    444 |    619 |   2 |  655.5 |
       Ossuary |    597 |    597 |      0 |    368 |     89 |   1 |  597.0 |
        Bailey |    605 |    605 |      0 |    290 |    147 |   1 |  605.0 |
      Ice Cave |      4 |      4 |      0 |      0 |      0 |   1 |    4.0 |
               +--------+--------+--------+--------+--------+-----+--------+

Top non-repeatable levels by time:
    D:10: 1952 daAuts
     D:2: 1378 daAuts
     D:5: 1345 daAuts
     D:9: 1308 daAuts
  Lair:1: 1244 daAuts
     D:3: 1043 daAuts
     D:8: 1016 daAuts
     D:1: 1009 daAuts
     D:7: 847 daAuts
     D:4: 842 daAuts
     D:6: 822 daAuts
    D:11: 819 daAuts
  Bailey: 605 daAuts
 Ossuary: 597 daAuts
  Lair:2: 66 daAuts
